 Dungeon Crawl Stone Soup version 0.20.0-15-g7f486f2 (webtiles) character file.

15281 greprep the Unseen (level 11, -2/52 HPs)
             Began as a Spriggan Enchanter on June 18, 2017.
             Was an Elder of Dithmenos.
             Slain by a large slime creature (36 damage)
             ... on level 12 of the Dungeon.
             The game lasted 00:34:57 (14443 turns).

greprep the Unseen (Spriggan Enchanter)            Turns: 14443, Time: 00:34:57

Health: -2/52      AC:  5    Str:  6    XL:     11   Next: 99%
Magic:  26/26      EV: 24    Int: 19    God:    Dithmenos [****..]
Gold:   628        SH:  0    Dex: 18    Spells: 22/31 levels left

rFire    . . .     SeeInvis +   A - +2 dagger (venom)
rCold    . . .     Gourm    .   (shield restricted)
rNeg     . . .     Faith    .   b - +0 robe
rPois    +         Spirit   .   (helmet restricted)
rElec    .         Reflect  .   E - +2 cloak {rPois}
rCorr    .         Harm     .   (gloves unavailable)
MR       +....                  (boots unavailable)
Stlth    ++++++++++             f - amulet of regeneration
Regen    0.6/turn               U - ring of stealth
MPRegen  0.2/turn               u - +2 ring of strength

@: wreathed by umbra, very quick
A: unfitting armour, see invisible, herbivore 3, speed 3, slow metabolism 2
a: Shadow Step, Renounce Religion


You were on level 12 of the Dungeon.
You worshipped Dithmenos.
Dithmenos was greatly pleased with you.
You were not hungry.

You visited 2 branches of the dungeon, and saw 13 of its levels.

You collected 628 gold pieces.

Inventory:

Hand Weapons
 A - a +2 dagger of venom (weapon)
Armour
 b - a +0 robe (worn)
 E - a +2 cloak of poison resistance (worn)
Jewellery
 f - an amulet of regeneration (around neck)
 u - a +2 ring of strength (right hand)
 T - an uncursed ring of protection from cold
 U - a ring of stealth (left hand)
Wands
 x - a wand of disintegration (13/24)
 G - a wand of disintegration (17/24)
 M - a wand of polymorph (6/24)
 P - a wand of acid (7/15)
 Q - a wand of paralysis (11/24)
 R - a wand of polymorph (16/24)
Scrolls
 e - a scroll of blinking {unknown}
 h - 3 scrolls of remove curse {unknown}
 k - a scroll of fog {unknown}
 m - 2 scrolls of enchant armour {unknown}
 n - a scroll of fear {unknown}
 o - 6 scrolls of teleportation
 s - 6 scrolls of identify {unknown}
 t - a scroll of amnesia {unknown}
 y - a scroll of recharging {unknown}
 F - a scroll of noise {unknown}
 I - a scroll of magic mapping {unknown}
 L - a scroll of random uselessness {unknown}
 N - 3 scrolls of enchant weapon {unknown}
Potions
 a - 3 potions of berserk rage {unknown}
 g - 4 potions of might {unknown}
 p - 2 potions of lignification {unknown}
 q - 4 potions of flight {unknown}
 v - 3 potions of brilliance
 w - 2 potions of degeneration {unknown}
 z - a potion of ambrosia {unknown}
 B - 5 potions of mutation {unknown}
 C - 3 potions of curing
 D - a potion of haste {unknown}
 H - a potion of heal wounds {unknown}
 K - a potion of invisibility
 O - a potion of resistance {unknown}
 S - 2 potions of cancellation {unknown}
 V - a potion of agility {unknown}
Books
 c - a book of Maledictions

   Spells                             Type                      Level
   a - Corona                         Hexes                        1
   b - Ensorcelled Hibernation        Hexes/Ice                    2
   c - Confuse                        Hexes                        3
   d - Tukima's Dance                 Hexes                        3
   e - Dazzling Spray                 Conjuration/Hexes            3
 l - a Young Poisoner's Handbook

   Spells                             Type                      Level
   a - Sting                          Conjuration/Poison           1
   b - Poisonous Vapours              Poison/Air                   2
   c - Mephitic Cloud                 Conjuration/Poison/Air       3
   d - Olgreb's Toxic Radiance        Poison                       4
   e - Venom Bolt                     Conjuration/Poison           5
 r - a book of Minor Magic

   Spells                             Type                      Level
   a - Magic Dart                     Conjuration                  1
   b - Blink                          Translocation                2
   c - Call Imp                       Summoning                    2
   d - Slow                           Hexes                        2
   e - Conjure Flame                  Conjuration/Fire             3
   f - Mephitic Cloud                 Conjuration/Poison/Air       3
 J - a book of Air

   Spells                             Type                      Level
   a - Shock                          Conjuration/Air              1
   b - Swiftness                      Charms/Air                   2
   c - Static Discharge               Conjuration/Air              3
   d - Airstrike                      Air                          4
   e - Lightning Bolt                 Conjuration/Air              5
Comestibles
 d - 8 bread rations
 i - 2 royal jellies
 j - 10 fruits


   Skills:
 + Level 3.5 Fighting
 + Level 7.6 Short Blades
 - Level 3.0 Armour
 + Level 8.5 Dodging
 + Level 16.6 Stealth
 * Level 10.7 Spellcasting
 + Level 0.1 Conjurations
 + Level 8.3 Hexes
 + Level 3.4 Ice Magic
 * Level 2.9 Poison Magic


You had 22 spell levels left.
You knew the following spells:

 Your Spells              Type           Power        Failure   Level  Hunger
a - Corona                Hex            #####..      1%          1    None
b - Ensorcelled Hibernat  Hex/Ice        ####..       1%          2    None
c - Confuse               Hex            #####...     1%          3    None
d - Mephitic Cloud        Conj/Pois/Air  ##......     14%         3    None


Dungeon Overview and Level Annotations

Branches:
Dungeon (12/15)            Temple (1/1) D:5            Lair (0/6) D:10
    Orc (0/2) D:10

Altars:
Ashenzari
Cheibriados
Dithmenos
Elyvilon
Gozag
Hepliaklqana
Kikubaaqudgha
Makhleb
Nemelex Xobeh
Okawaru
Qazlal
Ru
Trog
Vehumet
Xom
Yredelemnul
Zin
The Shining One
Beogh

Shops:
D:9 (


Innate Abilities, Weirdness & Mutations

You are very small and have problems with some larger weapons.
You are too small for most types of armour.
You have supernaturally acute eyesight. (SInv)
You are a herbivore.
You cover ground extremely quickly.
You need consume almost no food.


Message History

You hit the large slime creature but do no damage.
The large slime creature is heavily wounded.
You barely miss the large slime creature.
The large slime creature is heavily wounded.
The large slime creature misses you.
You hit the large slime creature.
The large slime creature is heavily wounded.
You hit the large slime creature.
The large slime creature is heavily wounded.
The large slime creature hits you!
You hit the large slime creature.
The large slime creature is heavily wounded.
The large slime creature misses you.
You hit the large slime creature but do no damage.
The large slime creature is heavily wounded.
You hit the large slime creature.
The large slime creature is heavily wounded.
The large slime creature hits you!!!
Ouch! That really hurt!
You die...

#..# #....##.
#..# #.##..#.
#..# .# #..##...
#..# .# #...#.##
#..# #.#
#......# #..#
#.# #...##..
#..# #.#
#.#..##.
#..####.#
#.##..#.
#..J@...#
#.###...
#.####..# #.#
##.. #. #..#
#.#####. #.
#..######.......
#.
#...............
#.
#<.........#####
#. #...####...#
#. #...# #..>#
#...# #...#


You could see a large slime creature.

Vanquished Creatures
  5 two-headed ogres
  The ghost of Quirk the Carver, a novice DsFi of Okawaru (D:10)
  The ghost of Malak the Slinger, a novice HaHu of Ashenzari (D:7)
  The ghost of Quirk the Slasher, a novice DsFi (D:6)
  A cyclops (D:11)
  A gargoyle (D:11)
  2 trolls
  Prince Ribbit (D:5)
  4 slime creatures (D:12)
  2 hippogriffs
  A vampire (D:11)
  A spriggan (D:10)
  A shadow (D:12)
  2 wyverns
  3 yaks (D:11)
  3 hungry ghosts
  Grum (D:11)
  A soldier ant (D:5)
  A water moccasin (D:11)
  2 sky beasts
  5 orc warriors
  3 ice beasts
  6 ogres
  A phantom (D:10)
  4 wolves (D:11)
  2 centaurs
  2 crocodiles
  2 big kobolds (D:8)
  6 bullfrogs
  2 gnoll sergeants
  7 scorpions
  22 killer bees
  An electric eel (D:6)
  4 crimson imps
  A centaur zombie (D:5)
  2 bullfrog zombies
  6 hounds
  2 jellies
  15 orc priests
  A bullfrog skeleton (D:5)
  14 orc wizards
  Crazy Yiuf (D:5)
  2 centaur skeletons
  3 iguanas
  13 worker ants
  2 hound skeletons
  A worker ant zombie (D:5)
  A howler monkey zombie (D:9)
  15 gnolls
  2 howler monkey skeletons
  13 adders
  2 shadow imps
  4 oozes
  An adder skeleton (D:4)
  An adder zombie (D:8)
  2 worms (D:3)
  3 dart slugs
  6 leopard geckos
  52 orcs
  9 bats
  10 giant cockroaches
  7 goblins
  6 hobgoblins
  A ball python (D:1)
  10 frilled lizards
  A jackal skeleton (D:5)
  19 kobolds
  A quokka skeleton (D:6)
  7 rats
  A butterfly (D:5)
  A fungus (D:5)
340 creatures vanquished.

Notes
Turn   | Place    | Note
-------+----------+-------------------------------------------
     0 | D:1      | greprep the Spriggan Enchanter began the quest for the Orb.
     0 | D:1      | Reached XP level 1. HP: 9/9 MP: 5/5
   320 | D:1      | Reached XP level 2. HP: 10/13 MP: 0/7
   458 | D:1      | Learned a level 2 spell: Ensorcelled Hibernation
   962 | D:2      | Reached skill level 5 in Stealth
  1022 | D:2      | Reached XP level 3. HP: 16/16 MP: 1/8
  2096 | D:3      | Found an iron altar of Okawaru.
  2156 | D:3      | Reached XP level 4. HP: 21/21 MP: 9/9
  2523 | D:3      | Reached skill level 6 in Stealth
  2573 | D:3      | Reached XP level 5. HP: 15/25 MP: 3/11
  2931 | D:4      | Reached skill level 7 in Stealth
  3279 | D:4      | Noticed an ogre
  3288 | D:4      | Killed an ogre
  3288 | D:4      | Reached skill level 8 in Stealth
  3288 | D:4      | Reached XP level 6. HP: 29/29 MP: 12/12
  3646 | D:4      | Learned a level 3 spell: Confuse
  4219 | D:4      | Reached skill level 1 in Ice Magic
  4622 | D:4      | Reached skill level 9 in Stealth
  4688 | D:4      | Reached XP level 7. HP: 32/32 MP: 11/14
  4709 | D:4      | Reached skill level 1 in Fighting
  5038 | D:4      | Reached skill level 10 in Stealth
  5252 | D:5      | Entered Level 5 of the Dungeon
  5314 | D:5      | Reached skill level 5 in Hexes
  5502 | D:5      | Found a radiant altar of Vehumet.
  5671 | D:5      | Reached XP level 8. HP: 37/37 MP: 12/16
  5696 | D:5      | Found a sacrificial altar of Ru.
  5862 | D:5      | Found a staircase to the Ecumenical Temple.
  5922 | Temple   | Entered the Ecumenical Temple
  5928 | Temple   | Became a worshipper of Dithmenos the Shadowed
  5995 | D:5      | Reached skill level 5 in Spellcasting
  6313 | D:5      | Got a smoking war axe
  6314 | D:5      | Identified the +2 war axe of the Nexus {flame, MR+} (You found it on level 5 of the Dungeon)
  6326 | D:5      | Reached skill level 11 in Stealth
  6330 | D:5      | Found a hazy altar of Hepliaklqana.
  6772 | D:5      | Noticed Prince Ribbit
  6774 | D:5      | Found a runed door.
  6775 | D:5      | Killed Prince Ribbit
  6775 | D:5      | Reached skill level 1 in Armour
  6775 | D:5      | Reached skill level 5 in Dodging
  6797 | D:5      | Learned a level 3 spell: Mephitic Cloud
  6798 | D:5      | Found a runed door.
  6955 | D:5      | Reached skill level 12 in Stealth
  6965 | D:5      | Reached * piety under Dithmenos
  6988 | D:5      | Reached XP level 9. HP: 28/42 MP: 2/18
  7340 | D:5      | Found a runed door.
  7344 | D:5      | Noticed Crazy Yiuf
  7348 | D:5      | Killed Crazy Yiuf
  7532 | D:6      | You fall through a shaft for 2 floors!
  7715 | D:6      | Noticed Quirk's ghost (novice DsFi)
  7768 | D:6      | Killed Quirk's ghost
  8245 | D:6      | Found a snail-covered altar of Cheibriados.
  8547 | D:7      | Reached skill level 5 in Short Blades
  8547 | D:7      | Reached skill level 13 in Stealth
  8893 | D:7      | Reached ** piety under Dithmenos
  8920 | D:7      | Noticed Malak's ghost (novice HaHu)
  8968 | D:7      | Killed Malak's ghost
  8968 | D:7      | Reached XP level 10. HP: 39/47 MP: 7/21
  9267 | D:7      | Found an ancient bone altar of Kikubaaqudgha.
  9291 | D:7      | Found an iron altar of Okawaru.
  9413 | D:8      | Noticed a two-headed ogre
  9437 | D:8      | Killed a two-headed ogre
  9437 | D:8      | Reached skill level 14 in Stealth
 10027 | D:9      | Noticed a two-headed ogre
 10031 | D:9      | Killed a two-headed ogre
 10072 | D:9      | Reached *** piety under Dithmenos
 10079 | D:9      | Noticed a two-headed ogre
 10091 | D:9      | Killed a two-headed ogre
 10346 | D:9      | Reached skill level 15 in Stealth
 10351 | D:9      | Noticed a two-headed ogre
 10361 | D:9      | Killed a two-headed ogre
 10361 | D:9      | Reached XP level 11. HP: 52/52 MP: 24/24
 10407 | D:9      | Found Fitzecw's Antique Weapon Shop.
 10704 | D:10     | Entered Level 10 of the Dungeon
 10814 | D:10     | Found a staircase to the Orcish Mines.
 10821 | D:10     | Found a roughly hewn altar of Beogh.
 11517 | D:10     | Noticed Quirk's ghost (novice DsFi)
 11530 | D:10     | Killed Quirk's ghost
 11870 | D:10     | Reached **** piety under Dithmenos
 12180 | D:10     | Found a staircase to the Lair.
 12290 | D:11     | Noticed a two-headed ogre
 12415 | D:11     | Killed a two-headed ogre
 12491 | D:11     | Reached skill level 1 in Poison Magic
 12517 | D:11     | Reached skill level 10 in Spellcasting
 12586 | D:11     | Noticed Grum
 12617 | D:11     | Killed Grum
 12720 | D:11     | Reached skill level 16 in Stealth
 14443 | D:12     | Slain by a large slime creature

Skill      XL: |  1  2  3  4  5  6  7  8  9 10 11 |
---------------+----------------------------------+-----
Spellcasting   | 3 4 5 7 8 10 | 10.7
Stealth        | 5 6 8 9 10 12 13 15 16 | 16.6
Short Blades   | 2 3 4 5 6 7 |  7.6
Dodging        | 4 5 6 7 8 |  8.5
Hexes          | 4 5 6 7 8 |  8.3
Ice Magic      | 1 2 3 |  3.4
Fighting       | 1 2 3 |  3.5
Armour         | 1 3 |  3.0
Poison Magic   | 2 |  2.9
Conjurations   | |  0.1

Action                   |  1- 3 |  4- 6 |  7- 9 | 10-12 || total
-------------------------+-------+-------+-------+-------++-------
Melee: Dagger            |   178 |   121 |   297 |   550 ||  1146
       Rapier            |       |     2 |    25 |       ||    27
 Cast: Corona            |    18 |     3 |       |       ||    21
       Ensorcelled Hiber |    12 |    35 |    26 |    76 ||   149
       Confuse           |       |     1 |    17 |    12 ||    30
       Mephitic Cloud    |       |       |       |     2 ||     2
Invok: Shadow Step       |       |       |       |     1 ||     1
  Use: Scroll            |       |     1 |       |       ||     1
       Potion            |       |       |     4 |       ||     4
 Stab: Sleeping          |    19 |    28 |    44 |    82 ||   173
       Distracted        |     1 |       |     2 |     7 ||    10
       Confused          |       |       |     5 |    11 ||    16
       Invisible         |       |       |     2 |       ||     2
  Eat: Fruit             |       |     2 |       |     1 ||     3
       Bread ration      |       |     1 |       |     1 ||     2
       Royal jelly       |       |       |       |     1 ||     1
Armor: Robe              |    18 |    15 |    26 |    22 ||    81
Dodge: Dodged            |   172 |    95 |   211 |   424 ||   902
